Map: Nightshade LE

Players

YePs

  • Race: Terran Terran
  • League: Platinum
  • Spawn Location: 11:00

Massa - Winner!

  • Race: Terran Terran
  • League: Gold
  • Spawn Location: 5:00

VOD

Have the link to the VOD?

Description

Time

  • Played on: April 26, 2020, 2:41 p.m.
  • Length: 6:15
Show
View Real Time Build Order
Export as new Build Order

YePs Terran 

Build Orders:  

Get SALT Encoding   

  12  0:02  SCV  
  14  0:14  SCV  
  14  0:21  Supply Depot  
  14  0:26  SCV  
  16  0:42  SCV  
  16  0:44  Barracks  
  16  0:49  Refinery  
  16  0:54  SCV  
  17  1:07  SCV  
  18  1:17  Refinery  
  18  1:19  SCV  
  19  1:27  Barracks  
  19  1:34  Orbital Command  
  19  1:42  Marine  
  20  1:57  Factory  
  20  2:03  Marine, Supply Depot  
  21  2:15  SCV  
  22  2:20  Barracks Tech Lab  
  22  2:39  SCV  
  23  2:52  Barracks Reactor  
  23  2:58  Siege Tank  
  23  3:03  Barracks Tech Lab  
  26  3:15  Command Center  
  26  3:19  Starport  
  26  3:22  Supply Depot  
  26  3:26  Marine  
  27  3:32  Stimpack  
  27  3:40  SCV  
  28  3:52  SCV  
  29  3:56  Supply Depot  
  29  4:04  SCV  
  29  4:08  Engineering Bay  
  30  4:10  Marine  
  30  4:16  SCV  
  32  4:28  Orbital Command, SCV  
  33  4:40  SCV  
  34  4:48  Marauder, Marine x2  
  34  4:52  SCV  
  39  4:53  Starport Reactor  
  39  4:54  Barracks  
  39  5:00  Barracks  
  39  5:06  SCV  
  40  5:08  SCV  
  41  5:14  Siege Tank  
  42  5:40  Refinery  
  42  5:41  Refinery  
  42  5:46  SCV x2  
  44  5:58  SCV x2  
  44  6:03  Engineering Bay  
Show
View Real Time Build Order
Export as new Build Order

Massa Terran - Winner!

Build Orders:  

Get SALT Encoding   

  12  0:11  Supply Depot  
  12  0:13  SCV  
  13  0:25  SCV  
  14  0:34  Barracks  
  14  0:37  SCV  
  15  0:49  SCV, Supply Depot  
  16  1:02  SCV  
  17  1:14  SCV  
  17  1:18  Barracks  
  18  1:23  Marine  
  18  1:24  Barracks  
  19  1:33  Orbital Command  
  19  1:41  Marine  
  20  2:02  SCV  
  21  2:10  Refinery, Marine  
  21  2:14  SCV, Barracks  
  23  2:20  Marine x2  
  25  2:28  Marine  
  26  2:38  Marine x2  
  28  2:45  Marine  
  29  2:56  Marine x2  
  31  3:06  Command Center  
  31  3:10  Supply Depot  
  31  3:15  Supply Depot  
  31  3:20  Marine x4  
  35  3:38  Marine x4  
  39  3:50  Engineering Bay  
  39  3:56  Marine x2  
  39  3:57  Factory  
  39  3:59  SCV  
  41  4:11  SCV  
  42  4:17  Reaper x3  
  42  4:23  SCV  
  46  4:27  Missile Turret  
  46  4:35  SCV  
  47  4:40  SCV  
  48  4:48  SCV, Missile Turret, Factory Tech Lab  
  50  4:52  SCV  
  50  4:53  Marine x2  
  50  4:54  Marine  
  54  5:00  SCV  
  54  5:05  Barracks Tech Lab  
  54  5:11  Marine x2  
  56  5:16  SCV x2  
  58  5:29  SCV x2  
  59  5:41  SCV x2  
  59  5:48  Widow Mine  
  61  6:00  Barracks  
  57  6:08  Refinery  
  57  6:10  Refinery  
Tags
 
Matchup
TvT
Race
Terran
Replay Pack
Multiplayer
Spawn Locations
Cross Positions
Add a new tag
Caveats
  • Supply blocks, unpowered buildings, or Contaminate may cause inaccurate times.
  • Supply counts are checked every 10 seconds.